 Dungeon Crawl Stone Soup version 0.21.0-3-g78d12a8 (webtiles) character file.

116 magipi the Slasher (level 5, -2/32 HPs)
             Began as a Gargoyle Berserker on Jan 8, 2018.
             Was a Believer of Trog.
             Slain by Sigmund
             ... wielding a +0 scythe
              (7 damage)
             ... on level 3 of the Dungeon.
             The game lasted 00:05:08 (1355 turns).

magipi the Slasher (Gargoyle Berserker)             Turns: 1355, Time: 00:05:08

Health: -2/32      AC: 10    Str: 21    XL:     5   Next: 1%
Magic:  5/5        EV: 10    Int:  7    God:    Trog [**....]
Gold:   146        SH:  0    Dex: 10    Spells: 4/4 levels left

rFire    . . .     SeeInvis .   a - +0 falchion
rCold    . . .     Gourm    .   (no shield)
rNeg     + . .     Faith    .   e - +0 scale mail
rPois    ∞         Spirit   .   (no helmet)
rElec    +         Reflect  .   (no cloak)
rCorr    .         Harm     .   (no gloves)
MR       .....                  (no boots)
Stlth    ..........             (no amulet)
HPRegen  0.10/turn              (no ring)
MPRegen  0.09/turn              (no ring)

@: berserk cooldown, starving
A: negative energy resistance 1, electricity resistance, unbreathing,
petrification resistance, rot immunity, AC +4
a: Berserk, Trog's Hand, Burn Spellbooks, Renounce Religion


You were on level 3 of the Dungeon.
You worshipped Trog.
Trog was pleased with you.
You were starving.

You visited 1 branch of the dungeon, and saw 3 of its levels.

You collected 146 gold pieces.

Inventory:

Hand Weapons
 a - a +0 falchion (weapon)
Missiles
 h - 76 arrows
Armour
 e - a +0 scale mail (worn)
   (You found it on level 1 of the Dungeon)
Jewellery
 q - an uncursed ring of protection from magic {unknown}
   (You found it on level 1 of the Dungeon)
 r - an uncursed amulet of magic regeneration {unknown}
   (You found it on level 2 of the Dungeon)
 s - an uncursed ring of protection from cold {unknown}
   (You found it on level 2 of the Dungeon)
Scrolls
 b - 4 scrolls of identify {unknown}
 d - 2 scrolls of enchant armour {unknown}
 g - a scroll of immolation {unknown}
 j - a scroll of noise {unknown}
 k - 2 scrolls of enchant weapon {unknown}
 m - a scroll of remove curse {unknown}
 n - a scroll of fog {unknown}
 o - 2 scrolls of teleportation {unknown}
Potions
 f - a potion of curing {unknown}
 i - 2 potions of haste
 l - 2 potions of magic {unknown}
 p - 2 potions of cancellation
 t - a potion of mutation {unknown}
Comestibles
 c - 3 rations


   Skills:
 - Level 3.2 Fighting
 + Level 5.0 Long Blades
 - Level 2.1 Armour
 - Level 1.5 Dodging


You had 4 spell levels left.
You didn't know any spells.

Dungeon Overview and Level Annotations

Branches:
Dungeon (3/15)

Altars:

Annotations:
D:3 Sigmund


Innate Abilities, Weirdness & Mutations

You are resistant to torment.
Your stone body is resilient. (AC +4)
You are immune to poison.
You resist negative energy. (rN+)
You are resistant to electric shocks. (rElec)
You can survive without breathing.
You are immune to petrification.
You are immune to rotting.


Message History

What level of the Dungeon? (default 1, ? - help)
There is a stone staircase leading down here.
You climb downwards.
A ball python comes into view.
Found three items.
Found an escape hatch in the floor.
There is a stone staircase leading up here.
Things that are here:
9 gold pieces; a sapphire potion You hit the ball python.
The ball python is moderately wounded.
The ball python bites you but does no damage.
The ball python closely misses you.
The ball python bites you but does no damage.
The ball python grabs you. The ball python constricts you.
You slash the ball python!
You kill the ball python!
Trog accepts your kill.
b - 4 scrolls labeled GEDELY JUSHISAFE (gained 1) Ijyb the Twisted Goblin comes into view.
She is wielding a club.
Ijyb shouts!
You hear a shout!
You see here a smoky blue potion.
Ijyb hits you but does no damage.
Sigmund the Dreaded comes into view.
He is wielding a scythe.
Your skin crawls.
You feel resistant to hostile enchantments.
You feel somewhat more hungry. Ijyb hits you but does no damage.
Unknown command.
A red film seems to cover your vision as you go berserk!
You feel yourself moving faster!
You feel mighty!
You are near starving!
Ijyb zaps a wand.
The bolt of acid misses you.
It is a wand of acid (10).
You closely miss Ijyb.
Sigmund screams, "You will never...
NEVER!!!"
Sigmund hits you but does no damage.
You hit Ijyb but do no damage. Ijyb hits you but does no damage.
You slash Ijyb!
Ijyb is heavily wounded.
Sigmund barely misses you. Ijyb barely misses you.
You hit Ijyb.
Ijyb is severely wounded.
You hit Ijyb.
Ijyb is almost dead.
You feel the effects of Trog's Hand fading.
Sigmund closely misses you. Ijyb hits you but does no damage.
You hit Ijyb.
Ijyb is almost dead.
You barely miss Ijyb.
Ijyb is almost dead.
Ijyb hits you but does no damage.
Sigmund gestures wildly while chanting.
Sigmund flickers and vanishes!
Deactivating autopickup; reactivate with Ctrl-A.
You closely miss Ijyb.
Ijyb is almost dead.
Ijyb hits you but does no damage.
You closely miss Ijyb.
Ijyb is almost dead.
You slash Ijyb!
You kill Ijyb!
Trog accepts your kill.
Your Long Blades skill increases to level 5!
You have reached level 5!
You are starving!
Something hits you!
Things that are here:
a club; a ring mail; a wand of acid (10)
You completely miss something.
Your skin stops crawling.
You feel less resistant to hostile enchantments.
Something completely misses you.
You slash something! You miss something. Something hits you but does no damage.
You miss something.
You are no longer berserk.
You are exhausted.
You feel yourself slow down.
You completely miss something. Something hits you but does no damage.
You closely miss something. Something hits you but does no damage.
You barely miss something. Something hits you.
You hit something but do no damage. Something hits you.
You closely miss something.
You hear some strange, mumbled words.
Something tries to affect you, but you resist.
Something hits you.
You closely miss something. Something hits you!
* * * LOW HITPOINT WARNING * * *
You miss something. Something hits you but does no damage.
You miss something.
You hear some strange, mumbled words.
A magic dart appears from out of thin air!
The magic dart hits you!
* * * LOW HITPOINT WARNING * * *
It was a potion of haste.
You feel yourself speed up. Something hits you but does no damage.
It was a potion of cancellation.
Your magical effects are unravelling.
You feel magically purged.
You feel yourself speed up.
You feel yourself slow down. Something hits you!
You die...

#.####.#
#.>..<.#
#####$.#
. #..#
#.#..#
#.#..#
#...!#
#.###.##
#..{@.#
#######


There were no monsters in sight!

Vanquished Creatures
  Ijyb (D:3)
  4 gnolls (D:2)
  2 adders (D:2)
  4 bats
  3 giant cockroaches
  3 goblins
  3 hobgoblins
  10 kobolds
  2 ball pythons
  2 frilled lizards
  4 rats
38 creatures vanquished.

Notes
Turn   | Place    | Note
-------+----------+-------------------------------------------
     0 | D:1      | magipi the Gargoyle Berserker began the quest for the Orb.
     0 | D:1      | Reached XP level 1. HP: 14/14 MP: 1/1
    86 | D:1      | Reached skill level 3 in Long Blades
   208 | D:1      | Reached XP level 2. HP: 19/19 MP: 2/2
   709 | D:2      | Reached ** piety under Trog
   715 | D:2      | Reached XP level 3. HP: 23/23 MP: 3/3
   808 | D:2      | Reached skill level 4 in Long Blades
   858 | D:2      | Reached XP level 4. HP: 24/28 MP: 4/4
  1327 | D:3      | Noticed Ijyb
  1329 | D:3      | Noticed Sigmund
  1340 | D:3      | Killed Ijyb
  1340 | D:3      | Reached skill level 5 in Long Blades
  1340 | D:3      | Reached XP level 5. HP: 32/32 MP: 5/5
  1355 | D:3      | Slain by Sigmund

Skill      XL: |  1  2  3  4 |
---------------+-------------+-----
Long Blades    | 3 4 5 |  5.0
Fighting       | |  3.2
Armour         | |  2.1
Dodging        | |  1.5

Action                   |  1- 3 |  4- 6 || total
-------------------------+-------+-------++-------
Melee: Falchion          |   126 |    46 ||   172
Invok: Berserk           |       |     1 ||     1
       Trog's Hand       |       |     1 ||     1
  Use: Potion            |       |     2 ||     2
  Eat: Chunk             |       |     1 ||     1
Armor: Scale mail        |    70 |    19 ||    89
Dodge: Dodged            |    66 |    20 ||    86
       Rpst.: Falchion   |    25 |     3 ||    28

Action                   |  1- 3 |  4- 6 || total
-------------------------+-------+-------++-------
Melee: Falchion          |   126 |    46 ||   172
Invok: Berserk           |       |     1 ||     1
       Trog's Hand       |       |     1 ||     1
  Use: Potion            |       |     2 ||     2
  Eat: Chunk             |       |     1 ||     1
Armor: Scale mail        |    70 |    19 ||    89
Dodge: Dodged            |    66 |    20 ||    86
       Rpst.: Falchion   |    25 |     3 ||    28
